 Dungeon Sprint DCSS version 0.30.1-4-g462c640d31 (webtiles) character file.

Game seed: 10310880150343477857

4741 Heoruswealwe the Sorcerer (level 10, -1/50 HPs)
             Began as a Deep Elf Earth Elementalist on Aug 30, 2023.
             Was a High Priest of Vehumet.
             Slain by an unseen horror (6 damage)
             ... in the Dungeon (Sprint I: "Red Sonja").
             The game lasted 00:16:07 (1353 turns).

Heoruswealwe the Sorcerer (DEEE)                    Turns: 1353, Time: 00:16:08

Health: -1/50      AC:  2    Str:  5    XL:     10   Next: 22%
Magic:  3/37       EV: 12    Int: 25    God:    Vehumet [*****.]
Gold:   1095       SH:  0    Dex: 15    Spells: 42/52 levels left

rFire   . . .        a - +0 club
rCold   + . .        (no shield)
rNeg    . . .        i - +0 robe {rC+}
rPois   .            (no helmet)
rElec   .            (no cloak)
rCorr   .            (no gloves)
SInv    .            (no boots)
Will    +....        (no amulet)
Stlth   ++           (no ring)
HPRegen 0.28/turn    (no ring)
MPRegen 0.25/turn

%: no teleportation
@: no status effects
A: no striking features
a: Renounce Religion


You were in the Dungeon.
You worshipped Vehumet.
Vehumet was extremely pleased with you.
You visited 1 branch You collected 1095 gold pieces.

Inventory:

Hand Weapons
 a - a +0 club (weapon)
Armour
 i - a +0 robe of cold resistance (worn)
Wands
 e - a wand of iceblast (16)
 h - a wand of charming (6)
Scrolls
 f - a scroll of poison {unknown}
 g - a scroll of fog {unknown}
Potions
 b - 4 potions of magic


   Skills:
 - Level 2.4 Dodging
 - Level 2.4 Stealth
 + Level 21.7 Spellcasting
 - Level 1.1 Transmutations
 + Level 18.7 Earth Magic


You had 42 spell levels left.
You knew the following spells:

 Your Spells              Type           Power      Damage    Failure   Level
a - Sandblast             Erth           100%       2d20      0%          1
b - Stone Arrow           Conj/Erth      100%       3d13      1%          3
c - Petrify               Tmut/Erth      67%        N/A       1%          4
z - Passwall              Tmut/Erth      55%        N/A       1%          2

Your spell library contained the following spells:

 Spells                   Type           Power      Damage    Failure   Level
 Frozen Ramparts          Ice            54%        1d9       1%          3
 Poisonous Vapours        Pois/Air       54%        N/A       1%          2
 Ignite Poison            Fire/Tmut/Pois 28%        N/A       1%          3
 Mephitic Cloud           Conj/Pois/Air  27%        N/A       1%          3
 Cigotuvi's Dreadful Rot  Necr/Pois/Air  54%        N/A       2%          2
 Freezing Cloud           Conj/Ice/Air   13%        6-21      11%         5


Dungeon Overview and Level Annotations

Branches:
Dungeon (1/1)

Altars:
Cheibriados
Dithmenos
Elyvilon
Fedhas
Gozag
Hepliaklqana
Kikubaaqudgha
Makhleb
Nemelex Xobeh
Okawaru
Qazlal
Ru
Sif Muna
Trog
Uskayaw
Vehumet
Wu Jian
Xom
Yredelemnul
Zin
The Shining One
Jiyva
Lugonu

Shops:
D !![


Message History

Deactivating autopickup; reactivate with Ctrl-A.
Casting: Stone Arrow (safe; 1% risk of failure)
Confirm with . or Enter, or press ? or * to list all spells.
Aiming: Stone Arrow (safe; 1% risk of failure)
Press: ? - help, Shift-Dir - straight line The stone arrow hits something!
Something hits you. Something hits you!
Casting: Stone Arrow (safe; 1% risk of failure)
Confirm with . or Enter, or press ? or * to list all spells.
Aiming: Stone Arrow (safe; 1% risk of failure)
Press: ? - help, Shift-Dir - straight line The stone arrow hits something!!
Something hits you! x2
Something barely misses you. Something hits you. x2
* * * LOW HITPOINT WARNING * * *
Something hits you.
* * * LOW HITPOINT WARNING * * *
You feel better. Something hits you but does no damage.
Casting: Stone Arrow (safe; 1% risk of failure)
Confirm with . or Enter, or press ? or * to list all spells.
Aiming: Stone Arrow (safe; 1% risk of failure)
Press: ? - help, Shift-Dir - straight line, f - necrophage
Aim: a necrophage (heavily damaged, 78% to hit)
The stone arrow hits the necrophage!
You destroy the necrophage!
Vehumet accepts your kill.
You feel your power returning. Something hits you.
* * * LOW HITPOINT WARNING * * *
Something hits you.
* * * LOW HITPOINT WARNING * * *
Something hits you.
* * * LOW HITPOINT WARNING * * *
Something completely misses you. Something hits you.
* * * LOW HITPOINT WARNING * * *
The necrophage barely misses you.
Casting: Stone Arrow (safe; 1% risk of failure)
Confirm with . or Enter, or press ? or * to list all spells.
Aiming: Petrify (safe; 1% risk of failure)
Press: ? - help, Shift-Dir - straight line Nothing appears to happen.
Something hits you.
You die...

..__##_.#'##+#####'###
____###'#.#))).###.+.#
#######)####'###)###.#
.....'...'.....'(∩##§#
++####...###########§#
###.### #.# #.#'#.#
+.# #.....#+.+######§#
#.)...#.†..{@..#§#
#######....n..#+§#
!$.......~####
[.......~~#
......~~~## #..~~~~###
+######


You could see a necrophage.

Vanquished Creatures
  2 centaur warriors (D)
  Sonja (D)
  A deep troll (D)
  An oklob plant (D)
  2 kobold demonologists (D)
  A hornet (D)
  A slime creature (D)
  Sigmund (D)
  A yak (D)
  2 redbacks (D)
  2 floating eyes (D)
  An ogre (D)
  2 necrophages (D)
  8 jellies (D)
  Ijyb (D)
  A ballistomycete spore (D)
28 creatures vanquished.

Vanquished Creatures (others)
  A ballistomycete spore (D)
1 creature vanquished.

Grand Total: 29 creatures vanquished

Notes
Turn   | Place    | Note
-------+----------+-------------------------------------------
     0 | D        | Heoruswealwe the Deep Elf Earth Elementalist began the
                  | quest for the Orb.
     0 | D        | Reached XP level 1. HP: 10/10 MP: 6/6
     1 | D        | Noticed Ijyb
    15 | D        | Killed Ijyb
    16 | D        | Reached skill level 6 in Spellcasting
    16 | D        | Reached skill level 5 in Earth Magic
    16 | D        | Reached XP level 2. HP: 6/15 MP: 7/11
    65 | D        | Learned a level 2 spell: Passwall
   105 | D        | Noticed an ogre
   108 | D        | Killed an ogre
   109 | D        | Reached skill level 9 in Spellcasting
   109 | D        | Reached XP level 3. HP: 19/19 MP: 11/15
   109 | D        | Reached XP level 4. HP: 24/24 MP: 12/17
   113 | D        | Learned a level 3 spell: Stone Arrow
   118 | D        | Learned a level 4 spell: Petrify
   157 | D        | Noticed Sigmund
   161 | D        | Killed Sigmund
   162 | D        | Reached skill level 12 in Spellcasting
   162 | D        | Reached skill level 10 in Earth Magic
   162 | D        | Reached XP level 5. HP: 28/28 MP: 11/21
   162 | D        | Reached XP level 6. HP: 32/32 MP: 12/23
   231 | D        | Found an ornate altar of the Wu Jian Council.
   231 | D        | Found a shimmering blue altar of Sif Muna.
   233 | D        | Found a radiant altar of Vehumet.
   249 | D        | Became a worshipper of Vehumet
   265 | D        | Found Eschaj's Distillery.
   265 | D        | Found an ancient bone altar of Kikubaaqudgha.
   265 | D        | Found a hazy altar of Hepliaklqana.
   265 | D        | Found a stormy altar of Qazlal.
   265 | D        | Found a hide-covered altar of Uskayaw.
   265 | D        | Found a blossoming altar of Fedhas.
   265 | D        | Found a bloodstained altar of Trog.
   265 | D        | Found an iron altar of Okawaru.
   265 | D        | Found a basalt altar of Yredelemnul.
   265 | D        | Found a glowing golden altar of the Shining One.
   265 | D        | Found a snail-covered altar of Cheibriados.
   265 | D        | Found a sacrificial altar of Ru.
   265 | D        | Found a glowing silver altar of Zin.
   265 | D        | Found a shadowy altar of Dithmenos.
   265 | D        | Found a white marble altar of Elyvilon.
   265 | D        | Noticed a yak
   272 | D        | Killed a yak
   273 | D        | Reached skill level 13 in Spellcasting
   275 | D        | Found an opulent altar of Gozag.
   276 | D        | Found a sparkling altar of Nemelex Xobeh.
   390 | D        | Noticed Sonja
   394 | D        | Killed Sonja
   395 | D        | Reached skill level 16 in Spellcasting
   395 | D        | Reached XP level 7. HP: 10/36 MP: 13/28
   493 | D        | Found Foc Cait's Distillery.
   513 | D        | Noticed a deep troll
   525 | D        | Killed a deep troll
   525 | D        | Reached * piety under Vehumet
   525 | D        | Offered knowledge of Shock by Vehumet.
   526 | D        | Reached skill level 17 in Spellcasting
   526 | D        | Reached skill level 15 in Earth Magic
   526 | D        | Reached XP level 8. HP: 41/41 MP: 5/31
   540 | D        | Found Cinimop's Armour Emporium.
   656 | D        | Found a burning altar of Makhleb.
   656 | D        | Found a viscous altar of Jiyva.
   656 | D        | Found a shimmering altar of Xom.
   656 | D        | Found a corrupted altar of Lugonu.
   656 | D        | Noticed a slime creature
   661 | D        | Killed a slime creature
   780 | D        | Noticed a kobold demonologist
   781 | D        | Offered knowledge of Searing Ray by Vehumet.
   781 | D        | Noticed a kobold demonologist
   782 | D        | Reached skill level 18 in Spellcasting
   784 | D        | Killed a kobold demonologist
   784 | D        | Reached ** piety under Vehumet
   785 | D        | Reached XP level 9. HP: 41/45 MP: 21/33
   785 | D        | Noticed a rust devil
   786 | D        | Killed a kobold demonologist
   885 | D        | Noticed a centaur warrior
   887 | D        | Noticed a centaur warrior
   899 | D        | Killed a centaur warrior
   900 | D        | Reached skill level 19 in Spellcasting
  1016 | D        | Killed a centaur warrior
  1016 | D        | Offered knowledge of Scorch by Vehumet.
  1017 | D        | Reached skill level 20 in Spellcasting
  1108 | D        | Reached *** piety under Vehumet
  1160 | D        | Noticed an oklob plant
  1169 | D        | Killed an oklob plant
  1169 | D        | Offered knowledge of Dazzling Flash by Vehumet.
  1170 | D        | Reached skill level 21 in Spellcasting
  1170 | D        | Reached XP level 10. HP: 34/50 MP: 20/37
  1257 | D        | Reached **** piety under Vehumet
  1326 | D        | Offered knowledge of Frozen Ramparts by Vehumet.
  1336 | D        | Reached ***** piety under Vehumet
  1353 | D        | Slain by an unseen horror

Illustrated notes

Levels and vault maps discovered:
D:        dungeon_sprint_1 [red_sonja_temple_1, red_sonja_temple_small_1]

Skill      XL: |  1  2  3  4  5  6  7  8  9 |
---------------+----------------------------+-----
Spellcasting   | 6 9 12 16 17 18 21 | 21.7
Earth Magic    | 5 7 10 13 15 18 | 18.7
Dodging        | |  2.4
Stealth        | |  2.4
Transmutations | |  1.1

Action                     |  1- 3 |  4- 6 |  7- 9 | 10-12 || total
---------------------------+-------+-------+-------+-------++-------
  Melee: Unarmed           |    10 |       |       |       ||    10
   Cast: Passwall          |     2 |       |       |       ||     2
         Stone Arrow       |       |    11 |    37 |    23 ||    71
         Sandblast         |       |     1 |     4 |       ||     5
         Petrify           |       |       |     5 |     3 ||     8
  Evoke: Wand              |     2 |     2 |       |       ||     4
    Use: Potion            |     3 |       |     2 |     1 ||     6
         Scroll            |     1 |       |       |       ||     1
 Armour: Robe              |       |       |       |     1 ||     1
  Dodge: Dodged            |     3 |     2 |     4 |     3 ||    12
